 Dungeon Crawl Stone Soup version 0.27.1-1-g398f81649c (webtiles) character file.

Game seed: 6460493328859529131

388 acemry the Chiller (level 6, -11/45 HPs)
             Began as an Octopode Transmuter on Sept 9, 2021.
             Mangled by an ogre (31 damage)
             ... on level 3 of the Dungeon.
             The game lasted 00:07:06 (4139 turns).

acemry the Chiller (Octopode Transmuter)            Turns: 4139, Time: 00:07:06

Health: -11/45     AC:  6    Str:  9    XL:     6   Next: 79%
Magic:  5/9        EV: 10    Int: 17    God:
Gold:   113        SH:  0    Dex: 13    Spells: 4/9 levels left

rFire    x . .     SeeInvis .     - Unarmed
rCold    + + +     Faith    .   (shield currently unavailable)
rNeg     . . .     Spirit   .   (helmet currently unavailable)
rPois    +         Reflect  .   (no amulet)
rElec    .         Harm     .   g - ring of willpower
rCorr    .         Rampage  .   (no ring)
Will     +....                  (no ring)
Stlth    +.........             (no ring)
HPRegen  0.15/turn              (no ring)
MPRegen  0.11/turn              (no ring)
                                (no ring)
                                (no ring)

@: ice-form
A: freezing attack, boosted hp, almost no armour, amphibious, 8 rings, large,
(camouflage 1), (gelatinous body 1), (nimble swimmer 1), (tentacles)
a: End Transformation


You were on level 3 of the Dungeon.
You were a creature of crystalline ice.
You visited 1 branch of the dungeon, and saw 4 of its levels.

You collected 113 gold pieces.

Inventory:

Missiles
 j - 8 atropa-tipped darts
Magical Staves
 b - a staff of cold
Jewellery
 g - a ring of willpower (left front paw)
Scrolls
 h - a scroll of silence {unknown}
 k - a scroll of identify
 l - a scroll of fear {unknown}
Potions
 a - a potion of flight {unknown}
 c - a potion of might {unknown}
 d - a potion of invisibility {unknown}
 e - a potion of resistance {unknown}
 f - a potion of heal wounds
 i - a potion of haste {unknown}


   Skills:
 - Level 1.0 Fighting
 - Level 2.0 Dodging
 - Level 3.9 Unarmed Combat
 - Level 2.0 Spellcasting
 - Level 3.7 Transmutations
 + Level 5.1 Ice Magic


You had 4 spell levels left.
You knew the following spells:

 Your Spells              Type           Power      Damage    Failure   Level
a - Beastly Appendage     Tmut           28%        N/A       4%          1
b - Ice Form              Ice/Tmut       16%        N/A       30%         4

Your spell library contained the following spells:

 Spells                   Type           Power      Damage    Failure   Level
 Wereblood                Tmut           14%        N/A       6%          2
 Magic Dart               Conj           4%         1d3       19%         1
 Spider Form              Tmut/Pois      4%         N/A       26%         3
 Corpse Rot               Necr/Air       N/A        N/A       28%         2
 Poisonous Vapours        Pois/Air       2%         N/A       28%         2
 Searing Ray              Conj           2%         3d3       28%         2
 Fulminant Prism          Conj/Hex       0%         3d6       88%         4
 Freezing Cloud           Conj/Ice/Air   3%         6-21      95%         5


Dungeon Overview and Level Annotations

Branches:
Dungeon (4/15)
 Temple: D:4-7

Altars:
Elyvilon
Kikubaaqudgha
Okawaru


Innate Abilities, Weirdness & Mutations

You are a creature of crystalline ice.
You have a powerful freezing melee attack.
Your maximum health is increased.
Your armour is entirely melded.
You are incapable of wielding weapons or throwing items.
You cannot wear most types of armour.
You are amphibious.
You can wear up to eight rings at the same time.
((Your skin changes colour to match your surroundings (Stealth+).))
((Your rubbery body absorbs attacks. (AC +1, EV +1)))
((You are camouflaged near water. (Stealth+)))
((You have tentacles for arms and can constrict up to eight enemies at once.))


Message History

Your experience leads to an increase in your attributes!
Increase (S)trength, (I)ntelligence, or (D)exterity?
You feel clever.
Your tentacle spike disappears.
Magic restored.
HP restored.
l - a scroll labelled ERUDICL LEHE
Found a stone staircase leading down.
There is a stone staircase leading down here.
A kobold comes into view.
It is wielding a +0 dagger and carrying a wand of mindburst (16).
The kobold shouts!
The ogre shouts!
You hear an angry hiss.
The kobold zaps a wand.
Your mind is blasted!
Ouch! That really hurt!
There are monsters nearby!
There is a stone staircase leading down here.
There is a stone staircase leading up here.
You climb upwards.
There is a stone staircase leading down here.
You start resting.
You start resting.
HP restored.
Casting: Beastly Appendage (safe; 4% risk of failure)
Confirm with . or Enter, or press ? or * to list all spells.
The spell is extremely dangerous to cast (30% risk of failure)!
Continue anyway?
You turn into a creature of crystalline ice.
You climb downwards.
The ogre barely misses you.
There is a stone staircase leading up here.
The ogre hits you with a +0 giant club!
You climb upwards.
There is a stone staircase leading down here.
You hit the ogre. You freeze the ogre.
The ogre is lightly wounded.
The ogre hits you with a +0 giant club!
You hit the ogre. You freeze the ogre.
The ogre is moderately wounded.
You hit the ogre. You freeze the ogre.
The ogre is moderately wounded.
The ogre hits you with a +0 giant club!!
Ouch! That really hurt!
You die...

#### #......................# #
#####.#.#...#..........# #
#.#.#..##..........# #
##.#.#.####.........## # #......#
#.##.###.#.. ########## #......#
#.##.###[#.[ .........# #......##
#.##.#...... .........# ##.)O.<.#
#.##.#...... ....)....####...Y..#
#....#......
...................#####.........
.................................
..........###......###.........##
............#......###.##.#....#
<..............######..##.#....#
#########.............###.#....#
##.................######
#...........########


You could see an ogre.

Vanquished Creatures
  Grinder (D:4)
  An iguana (D:2)
  A howler monkey zombie (D:4)
  3 adders
  3 gnolls (D:4)
  2 ufetubi (D:4)
  A worm (D:2)
  2 dart slugs
  5 ball pythons
  10 endoplasms
  6 giant cockroaches
  5 goblins
  5 hobgoblins
  6 quokkas
  9 bats
  A frilled lizard (D:2)
  5 kobolds
  3 rats
69 creatures vanquished.

Vanquished Creatures (others)
  A withered plant (D:3)
1 creature vanquished.

Grand Total: 70 creatures vanquished

Notes
Turn   | Place    | Note
-------+----------+-------------------------------------------
     0 | D:1      | acemry the Octopode Transmuter began the quest for the Orb.
     0 | D:1      | Reached XP level 1. HP: 13/13 MP: 3/3
   262 | D:1      | Reached XP level 2. HP: 15/18 MP: 3/5
  1107 | D:1      | Reached XP level 3. HP: 23/23 MP: 4/6
  1396 | D:2      | Reached XP level 4. HP: 10/28 MP: 5/7
  1597 | D:2      | Learned a level 4 spell: Ice Form
  1607 | D:2      | Reached skill level 1 in Ice Magic
  2766 | D:3      | Reached XP level 5. HP: 29/33 MP: 6/8
  3030 | D:3      | Reached skill level 2 in Ice Magic
  3073 | D:3      | Found an ancient bone altar of Kikubaaqudgha.
  3254 | D:4      | Noticed an ogre
  3722 | D:4      | Found a white marble altar of Elyvilon.
  3750 | D:4      | Found an iron altar of Okawaru.
  3755 | D:4      | Noticed Grinder
  3773 | D:4      | Reached skill level 3 in Ice Magic
  3785 | D:4      | Killed Grinder
  3786 | D:4      | Reached skill level 5 in Ice Magic
  3786 | D:4      | Reached XP level 6. HP: 23/38 MP: 7/9
  4139 | D:3      | Mangled by an ogre

Illustrated notes

Levels and vault maps discovered:
D:1:      eino_arrival_tree_alley, layout_loops_ring
D:2:      minmay_chambers_of_twos, layout_basic, eino_tiny_chamber
D:3:      layout_rooms, kiku_gazebo_garden_becter
D:4:      layout_loops_ring, okawaru_gym_becter, elyvilon_altar_1,
          minmay_quadrilaterals, uniq_grinder

Skill      XL: |  1  2  3  4  5 |
---------------+----------------+-----
Transmutations | 3 |  3.7
Ice Magic      | 1 5 |  5.1
Fighting       | |  1.0
Dodging        | |  2.0
Unarmed Combat | |  3.9
Spellcasting   | |  2.0

Action                   |  1- 3 |  4- 6 || total
-------------------------+-------+-------++-------
Melee: Unarmed           |    68 |   111 ||   179
       Kick              |    17 |    34 ||    51
       Constrict         |    17 |    31 ||    48
       Tentacles         |     9 |    16 ||    25
       Punch             |     1 |     2 ||     3
 Cast: Beastly Appendage |    23 |    32 ||    55
       Ice Form          |       |     1 ||     1
  Use: Scroll            |     5 |       ||     5
       Potion            |       |     1 ||     1
 Stab: Sleeping          |     4 |     7 ||    11
Armor: Skin              |     7 |    14 ||    21
Dodge: Dodged            |    43 |    62 ||   105
